 Dungeon Crawl Stone Soup version 0.32-a0-132-g2d33c3cfaf (webtiles) character file.

Game seed: 14559168993182825140

667 Ceno the Sneak (level 7, -9/48 HPs)
             Began as an Octopode Shapeshifter on Feb 10, 2024.
             Was an Initiate of Gozag.
             Splashed by a jelly's acid (10 damage)
             ... on level 5 of the Dungeon.
             The game lasted 00:15:46 (5500 turns).

Ceno the Sneak (Octopode Shapeshifter)              Turns: 5500, Time: 00:15:47

Health: -9/48      AC: -11   Str: 15    XL:     7   Next: 57%
Magic:  7/7        EV: 13    Int: 13    God:    Gozag
Gold:   275        SH:  0    Dex: 11    Spells: 6/6 levels left

rFire   . .          .
                       - Unarmed
rCold   . . .        (no shield)
rNeg    . . .        (helmet currently unavailable)
rPois   .            (no amulet)
rElec   .            h - ring of see invisible
rCorr   .            (no ring)
SInv    +            (no ring)
Will    .....        (no ring)
Stlth   ++++         (no ring)
HPRegen 0.28/turn    (no ring)
MPRegen 0.10/turn    (no ring)
                     (no ring)

%: no passive effects
@: beast-form, corroded
A: beast (slay +2), almost no armour, amphibious, 8 rings, camouflage 1,
gelatinous body 1, (nimble swimmer 1), tentacles
a: Begin Untransformation, Renounce Religion, Potion Petition, Call Merchant,
Bribe Branch


You were on level 5 of the Dungeon.
You worshipped Gozag.
Gozag was aware of your devotion.
You were a hulking beast.
You visited 2 branches of the dungeon, and saw 6 of its levels.
You also visited: Sewer.

You collected 382 gold pieces.
You paid 107 gold pieces to Gozag.

Inventory:

Missiles
 e - 4 poisoned darts
 f - 38 stones
Jewellery
 h - a ring of see invisible (left tentacle)
Talismans
 b - a beast talisman
 c - a flux talisman
Wands
 n - a wand of digging (5)
 p - a wand of roots (3)
Scrolls
 d - a scroll of poison {unknown}
 i - a scroll of teleportation
 q - a scroll of noise {unknown}
 r - a scroll of amnesia
 s - a scroll of acquirement {unknown}
 u - a scroll of fear {unknown}
Potions
 a - a potion of lignification
 g - 2 potions of curing
 j - a potion of enlightenment
 k - a potion of brilliance
 l - 2 potions of ambrosia
 m - a potion of heal wounds {unknown}
 t - a potion of resistance {unknown}
Miscellaneous
 o - a phial of floods (inert) (quivered)


   Skills:
 + Level 4.0 Fighting
 - Level 2.0 Dodging
 - Level 5.0 Stealth
 + Level 4.9 Unarmed Combat
 * Level 4.9 Shapeshifting


You had 6 spell levels left.
You didn't know any spells.
Your spell library contained the following spells:

 Spells                   Type           Power      Damage    Failure   Level
 Hailstorm                Conj/Ice       0%         3d5       67%         3
 Summon Ice Beast         Ice/Summ       0%         N/A       67%         3
 Sculpt Simulacrum        Ice/Alch       0%         N/A       100%        6


Dungeon Overview and Level Annotations

Branches:
Dungeon (5/15)             Temple (1/1) D:5           Sewer (visited)

Altars:
Cheibriados
Dithmenos
Elyvilon
Fedhas
Gozag
Hepliaklqana
Okawaru
Qazlal
Ru
Sif Muna
Trog
Uskayaw
Vehumet
Wu Jian
Xom
Yredelemnul
Zin
The Shining One

Shops:
D:5 (

Annotations:
D:3 exclusion: iguana
D:5 1 runed translucent door, Blork the orc, Crazy Yiuf


Innate Abilities, Weirdness & Mutations

You are a hulking beast.
Your limbs bulge with bestial killing power. (Slay +2)
You cannot wear most types of armour.
You are amphibious.
You can wear up to eight rings at the same time.
Your skin changes colour to match your surroundings (Stealth+).
Your rubbery body absorbs attacks. (AC +1, EV +1)
((You are camouflaged when in or above water. (Stealth+)))
You have tentacles for arms and can constrict up to eight enemies at once.


Message History

Your tentacles burn!
You squeeze the jelly.
The jelly is severely wounded.
The jelly closely misses you.
You barely miss the jelly.
The jelly is severely wounded.
The jelly hits you.
You are splashed with acid!
You are too injured to fight recklessly!
You tentacle-slap the jelly.
Your tentacles burn!
* * * LOW HITPOINT WARNING * * *
You squeeze the jelly, but do no damage.
The jelly is severely wounded.
The jelly misses you.
You tentacle-slap the jelly but do no damage.
Your tentacles burn!
* * * LOW HITPOINT WARNING * * *
You tentacle-slap the jelly, but do no damage.
The jelly is severely wounded.
The jelly closely misses you.
You tentacle-slap the jelly.
Your tentacles burn!
* * * LOW HITPOINT WARNING * * *
The jelly is severely wounded.
The jelly hits you.
* * * LOW HITPOINT WARNING * * *
The acid corrodes you!
You are splashed with acid.
* * * LOW HITPOINT WARNING * * *
Aim the phial where?
Press: ? - help, Q - select action, (/) - cycle Shift-Dir - straight line, f - jelly
Aim: a jelly (severely wounded, 100% to hit)
The torrent of water hits the jelly!
The jelly is almost dead.
The jelly is knocked back by the torrent of water.
The wave splashes down.
Floosh!
You fall into the shallow water.
You hear a shout!
The jelly attacks as it pursues you! The jelly hits you.
* * * LOW HITPOINT WARNING * * *
The acid corrodes you!
You are splashed with acid!
You die...
Your body crumbles into a pile of gold.

.......#..........#..............
.#########.#####.##..........<...
.............#####.....######.##+
.................#.....#...#.....
.............#...#.....#...#.....
.............#...#.[...#...#.....
........~~...#...#.....#...#.....
........~~~..#.###.....#.###..###
..##########...Jh.....##.###.)##.
..# #..........#........#. ..#
#..........#........'. ..#
#..........#........#. ..#
#..........#........#. ..#
.............#........#. ..#
#.#.........>#..####.### ...
#.....#########..###..### #.....
#............


You could see a jelly.

Vanquished Creatures
  A bullfrog (Sewer)
  A bombardier beetle (D:5)
  3 jellies (D:5)
  2 hounds (D:5)
  3 sleepcaps (D:5)
  7 gnolls
  11 adders
  A ribbon worm (D:4)
  12 dart slugs
  4 orcs
  5 bats
  6 endoplasms
  10 giant cockroaches
  3 goblins
  6 hobgoblins
  12 jackals
  10 kobolds
  2 quokkas
  8 ball pythons
  11 frilled lizards
  6 rats
124 creatures vanquished.

Notes
Turn   | Place    | Note
-------+----------+-------------------------------------------
     0 | D:1      | Ceno the Octopode Shapeshifter began the quest for the Orb.
     0 | D:1      | Reached XP level 1. HP: 13/13 MP: 1/1
   472 | D:1      | Reached skill level 1 in Stealth
   472 | D:1      | Reached XP level 2. HP: 12/18 MP: 2/2
  1004 | D:2      | Reached XP level 3. HP: 23/23 MP: 3/3
  1849 | D:3      | Reached skill level 2 in Stealth
  1849 | D:3      | Reached XP level 4. HP: 29/29 MP: 4/4
  2721 | D:4      | Noticed an orc warrior
  3030 | D:4      | Reached XP level 5. HP: 28/34 MP: 5/5
  3030 | D:4      | Found a glowing drain.
  3039 | Sewer    | Entered a sewer
  3057 | Sewer    | Reached skill level 3 in Stealth
  3473 | Sewer    | Reached skill level 4 in Stealth
  3473 | Sewer    | Reached XP level 6. HP: 31/42 MP: 6/6
  4062 | D:5      | Entered Level 5 of the Dungeon
  4306 | D:5      | Reached XP level 7. HP: 24/46 MP: 7/7
  4421 | D:5      | Found Tekhloykh's Antique Weapon Boutique.
  4735 | D:5      | Noticed Blork the orc
  4745 | D:5      | Found a staircase to the Ecumenical Temple.
  4761 | Temple   | Entered the Ecumenical Temple
  4902 | Temple   | Became a worshipper of Gozag Ym Sagoz the Greedy
  4951 | D:5      | Reached skill level 5 in Stealth
  5096 | D:5      | Found a runed translucent door.
  5097 | D:5      | Noticed Crazy Yiuf
  5493 | D:5      | HP: 1/48 [acid (6)]
  5500 | D:5      | HP: 1/48 [jelly (2)]
  5500 | D:5      | Splashed by a jelly's acid

Illustrated notes

Levels and vault maps discovered:
D:1:      elethiomel_arrival_infinity_welcomes_careful_drivers, layout_basic
D:2:      layout_basic
D:3:      layout_basic, chequers_big_river, kennysheep_potato
D:4:      layout_loops_ring, cheibrodos_sewer_entry_sluice
D:5:      layout_gridville, minmay_temple_entry_overgrown,
          nicolae_inconvenience_store, water_boxes_lemuel,
          uniq_crazy_yiuf_cottage, uniq_blork_the_orc
Temple:   dpeg_five_rooms_temple

Skill      XL: |  1  2  3  4  5  6  7 |
---------------+----------------------+-----
Stealth        | 1 2 4 5 |  5.0
Fighting       | 2 3 4 |  4.0
Unarmed Combat | 4 |  4.9
Shapeshifting  | 4 |  4.9
Dodging        | |  2.0

Action                     |  1- 3 |  4- 6 |  7- 9 || total
---------------------------+-------+-------+-------++-------
  Melee: Unarmed           |    64 |   180 |    40 ||   284
         Constrict         |    16 |    51 |     7 ||    74
         Tentacles         |    10 |    36 |     9 ||    55
         Punch             |     2 |    14 |     1 ||    17
  Throw: Stone             |     4 |     1 |     8 ||    13
         Dart              |       |     4 |       ||     4
  Evoke: Phial of floods   |       |       |     1 ||     1
    Use: Scroll            |     2 |     1 |     3 ||     6
   Stab: Sleeping          |     8 |    16 |     1 ||    25
         Distracted        |       |     1 |       ||     1
 Armour: Skin              |    19 |    74 |    12 ||   105
  Dodge: Dodged            |    35 |    74 |    23 ||   132

Table legend: (Time is in decaauts)
 A = Elapsed time spent in this place.
 B = Non-inter-level travel time spent in this place.
 C = Inter-level travel time spent in this place.
 D = Time resting spent in this place.
 E = Time spent auto-exploring this place.
 F = Levels seen in this place.
 G = Mean time per level.
                   A        B        C        D        E       F      G
               +--------+--------+--------+--------+--------+-----+--------+
         Total |   5483 |   5188 |    295 |    748 |   2532 |   7 |  783.3 |
       Dungeon |   4830 |   4601 |    229 |    494 |   2532 |   5 |  966.0 |
        Temple |    174 |    108 |     66 |     22 |      0 |   1 |  174.0 |
         Sewer |    478 |    478 |      0 |    232 |      0 |   1 |  478.0 |
               +--------+--------+--------+--------+--------+-----+--------+

Top non-repeatable levels by time:
     D:3: 1340 daAuts
     D:5: 1192 daAuts
     D:1: 902 daAuts
     D:2: 734 daAuts
     D:4: 661 daAuts
   Sewer: 478 daAuts
  Temple: 174 daAuts
